 Dungeon Crawl Stone Soup version 0.29-a0-994-gc5c9f59d18 (webtiles) character file.

Game seed: 18247137263255038341

3 zeratav the Stinger (level 1, -2/11 HPs)
             Began as an Octopode Venom Mage on Aug 3, 2022.
             Slain by a kobold
             ... wielding a +0 dagger
              (3 damage)
             ... on level 1 of the Dungeon.
             The game lasted 00:00:16 (35 turns).

zeratav the Stinger (Octopode Venom Mage)             Turns: 35, Time: 00:00:16

Health: -2/11      AC:  1    Str:  7    XL:     1   Next: 50%
Magic:  1/3        EV: 13    Int: 17    God:
Gold:   0          SH:  0    Dex: 12    Spells: 3/4 levels left

rFire   . . .      SeeInvis .   (no weapon)
rCold   . . .      Faith    .   (no shield)
rNeg    . . .      Spirit   .   (helmet restricted)
rPois   .          Reflect  .   (no amulet)
rElec   .          Harm     .   (no ring)
rCorr   .          Rampage  .   (no ring)
Will    .....                   (no ring)
Stlth   +++.......              (no ring)
HPRegen 0.03/turn               (no ring)
MPRegen 0.08/turn               (no ring)
                                (no ring)
                                (no ring)

@: no status effects
A: almost no armour, amphibious, 8 rings, camouflage 1, gelatinous body 1,
(nimble swimmer 1), tentacles
a: no special abilities


You were on level 1 of the Dungeon.
You visited 1 branch of the dungeon, and saw 1 of its levels.


Innate Abilities, Weirdness & Mutations

You cannot wear most types of armour.
You are amphibious.
You can wear up to eight rings at the same time.
Your skin changes colour to match your surroundings (Stealth+).
Your rubbery body absorbs attacks. (AC +1, EV +1)
((You are camouflaged when in or above water. (Stealth+)))
You have tentacles for arms and can constrict up to eight enemies at once.


   Skills:
 - Level 2.0 Dodging
 + Level 3.0 Stealth
 - Level 2.0 Spellcasting
 - Level 1.0 Transmutations
 + Level 3.8 Poison Magic


You had 3 spell levels left.
You knew the following spells:

 Your Spells              Type           Power      Damage    Failure   Level
a - Sting                 Tmut/Pois      36%        1d4       8%          1

Your spell library contained the following spells:

 Spells                   Type           Power      Damage    Failure   Level
 Poisonous Vapours        Pois/Air       16%        N/A       14%         2
 Mephitic Cloud           Conj/Pois/Air  6%         N/A       34%         3
 Olgreb's Toxic Radiance  Pois           14%        N/A       38%         4

Inventory:

Potions
 a - a potion of magic

Dungeon Overview and Level Annotations

Branches:
Dungeon (1/15) Zot: 5964

Altars:

....... ## .......
..##.. .......
...... .......
..#.# .>...##....
.. .......##
...###K)....####
.....$.@.†...>..
....#...b.......
.........#......
#≈.....#.!..#≈...
...#....##≈..##≈..
...§......§#......
..≈§...#...#..#...
#≈≈≈≈...#........
###≈§≈.....#....≈


You could see a bat and a kobold.


Message History

The ball python barely misses you.
HP[-2]
You take 2 damage, and now have 9/11 hp.
You miscast Sting.
You are very lightly contaminated with residual magic.
Nothing appears to happen.
The ball python closely misses you. x2
MP[-1]
You lost 1 mp, and now have 2/3 mp.
The sting hits the ball python.
The ball python is poisoned.
The goblin shouts!
A bat comes into view.
The ball python closely misses you. The ball python completely misses you.
MP[-1]
You lost 1 mp, and now have 1/3 mp.
The sting hits the ball python.
The ball python looks even sicker.
You kill the ball python!
A ball python comes into view.
MP[-1]
You lost 1 mp, and now have 0/3 mp.
You are out of magic!
A quokka comes into view.
The bat hits you.
HP[-1]
You take 1 damage, and now have 8/11 hp.
You miss the bat.
The ball python hisses angrily.
Your grab misses the bat. The bat misses you.
You closely miss the bat. Your grab misses the bat.
Your tentacle-slap misses the bat.
The bat misses you.
A kobold comes into view. It is wielding a +0 dagger.
You tentacle-slap the goblin. Your grab misses the goblin.
You squeeze the goblin.
You kill the goblin!
The bat misses you.
Your magical contamination has completely faded away.
You closely miss the bat. You grab the bat. You constrict the bat.
The bat barely misses you.
The bat escapes!
The ball python bites you. The ball python grabs you.
The ball python constricts you.
HP[-2]
You take 2 damage, and now have 6/11 hp.
You tentacle-slap the ball python. Your grab misses the ball python.
The bat barely misses you. The quokka barely misses you.
The ball python bites you but does no damage.
The ball python constricts you.
* * * LOW HITPOINT WARNING * * *
You are too injured to fight recklessly!
HP[-1]
You take 1 damage, and now have 5/11 hp.
You are too injured to fight recklessly!
You are too injured to fight recklessly!
You are too injured to fight recklessly!
You are too injured to fight recklessly!
You are too injured to fight recklessly!
You are too injured to fight recklessly!
You are too injured to fight recklessly!
You are too injured to fight recklessly!
You are too injured to fight recklessly!
You are too injured to fight recklessly!
You are too injured to fight recklessly!
You are too injured to fight recklessly!
You are too injured to fight recklessly!
You are too injured to fight recklessly!
You are too injured to fight recklessly!
You are too injured to fight recklessly!
You are too injured to fight recklessly!
You are too injured to fight recklessly!
You are too injured to fight recklessly!
You are too injured to fight recklessly!
You are too injured to fight recklessly!
You are too injured to fight recklessly!
You are too injured to fight recklessly!
You tentacle-slap the ball python.
You kill the ball python!
The bat barely misses you. The quokka completely misses you.
The quokka closely misses you.
Your Stealth skill increases to level 3!
You tentacle-slap the quokka. Your grab misses the quokka.
The bat hits you but does no damage. The quokka completely misses you.
The bat hits you but does no damage. The kobold hits you with a +0 dagger.
* * * LOW HITPOINT WARNING * * *
HP[-1]
You take 1 damage, and now have 4/11 hp.
You miss the quokka. You grab the quokka. You constrict the quokka.
The bat completely misses you. The quokka barely misses you.
The kobold closely misses you.
You tentacle-slap the quokka. You constrict the quokka. The bat misses you.
The quokka barely misses you. The kobold closely misses you.
HP[+1] MP[+1]
You tentacle-slap the quokka but do no damage.
You constrict the quokka. The bat barely misses you. The quokka bites you.
* * * LOW HITPOINT WARNING * * *
The kobold barely misses you.
HP[-4]
You take 4 damage, and now have 1/11 hp.
MASSIVE DAMAGE!! (PAUSE)
You tentacle-slap the quokka but do no damage.
You constrict the quokka.
You kill the quokka!
The bat completely misses you. The kobold hits you with a +0 dagger.
You die...

Skill      XL: |  1 |
---------------+----+-----
Stealth        | 3 |  3.0
Dodging        | |  2.0
Spellcasting   | |  2.0
Transmutations | |  1.0
Poison Magic   | |  3.8

Action                   || total
-------------------------++-------
Melee: Unarmed           ||    11
       Constrict         ||     2
       Tentacles         ||     1
 Cast: Sting             ||     2
Armor: Skin              ||     3
Dodge: Dodged            ||    26

Levels and vault maps discovered:
D:1:      denvon_arrival_hothouse, layout_rooms, nicolae_wormholes

Notes
Turn   | Place    | Note
-------+----------+-------------------------------------------
     0 | D:1      | zeratav the Octopode Venom Mage began the quest for the
                  | Orb.
     0 | D:1      | Reached XP level 1. HP: 11/11 MP: 3/3
     0 | D:1      | magus.rc [v1.9.6]
    31 | D:1      | Reached skill level 3 in Stealth
    34 | D:1      | HP: 1/11 [quokka (4)]
    35 | D:1      | Slain by a kobold

Vanquished Creatures
  2 ball pythons (D:1)
  A goblin (D:1)
  A quokka (D:1)
4 creatures vanquished.

Table legend:
 A = Non-vault XP
 B = Vault XP
 C = Vault XP percentage of total XP
 D = Non-vault monster count
 E = Vault monster count
 F = Vault count percentage of total count
                 A         B        C        D         E       F
            +---------+---------+-------+---------+---------+-------
      Total |       7 |       0 |   0.0 |       4 |       0 |   0.0
            +---------+---------+-------+---------+---------+-------
        D:1 |       7 |       0 |   0.0 |       4 |       0 |   0.0
            +---------+---------+-------+---------+---------+-------

Illustrated notes

Table legend:
 A = Kills in this place as a percentage of kills in entire the game.
 B = Kills by you in this place as a percentage of kills by you in the entire game.
 C = Kills by friends in this place as a percentage of kills by friends in the entire game.
 D = Other kills in this place as a percentage of other kills in the entire game.
 E = Experience gained in this place as a percentage of experience gained in the entire game.
 F = Experience gained in this place divided by the number of levels of this place that you have seen.
                   A       B       C       D       E      F
               +-------+-------+-------+-------+-------+----------------------
         Total | 100.0 | 100.0 |   N/A |   N/A | 100.0 |   7.0
       Dungeon | 100.0 | 100.0 |   N/A |   N/A | 100.0 |   7.0
               +-------+-------+-------+-------+-------+----------------------

Table legend: (Time is in decaauts)
 A = Elapsed time spent in this place.
 B = Non-inter-level travel time spent in this place.
 C = Inter-level travel time spent in this place.
 D = Time resting spent in this place.
 E = Time spent auto-exploring this place.
 F = Levels seen in this place.
 G = Mean time per level.
                   A        B        C        D        E       F      G
               +--------+--------+--------+--------+--------+-----+--------+
         Total |     35 |     35 |      0 |      0 |     14 |   1 |   35.0 |
       Dungeon |     35 |     35 |      0 |      0 |     14 |   1 |   35.0 |
               +--------+--------+--------+--------+--------+-----+--------+

Top non-repeatable levels by time:
     D:1: 35 daAuts
